 Dungeon Crawl Stone Soup version 0.24.0-37-gcf1ca852f1 (webtiles) character file.

Game seed: 8995386387918021857, levelgen mode: deterministic

615 Kobolds4U the Cutter (level 7, -4/36 HPs)
             Began as a Deep Elf Conjurer on Dec 6, 2019.
             Was a Follower of Dithmenos.
             Slain by a gnoll (7 damage)
             ... on level 3 of the Dungeon.
             The game lasted 00:16:44 (3978 turns).

Kobolds4U the Cutter (Deep Elf Conjurer)            Turns: 3978, Time: 00:16:45

Health: -4/36      AC:  4    Str:  6    XL:     7   Next: 21%
Magic:  9/22       EV: 13    Int: 21    God:    Dithmenos [*.....]
Gold:   160        SH:  0    Dex: 15    Spells: 2/12 levels left

rFire    . . .     SeeInvis +   k - +0 falchion
rCold    . . .     Gourm    .   (no shield)
rNeg     . . .     Faith    .   o - +1 robe {MR+}
rPois    .         Spirit   .   (no helmet)
rElec    .         Reflect  .   g - +0 cloak
rCorr    .         Harm     .   (no gloves)
MR       +....                  (no boots)
Stlth    +++.......             (no amulet)
HPRegen  0.12/turn              h - ring of magical power
MPRegen  0.18/turn              l - ring of see invisible

@: wreathed by umbra
A: no striking features
a: Renounce Religion


You were on level 3 of the Dungeon.
You worshipped Dithmenos.
Dithmenos was aware of your devotion.
You were hungry.

You visited 1 branch of the dungeon, and saw 3 of its levels.

You collected 160 gold pieces.

Inventory:

Hand Weapons
 e - a +0 dagger
 j - a +0 short sword
 k - a +0 falchion (weapon)
Armour
 g - a +0 cloak (worn)
 o - a +1 robe of magic resistance (worn)
 q - +0 storm dragon scales
Jewellery
 h - a ring of magical power (left hand)
 l - a ring of see invisible (right hand)
Scrolls
 m - a scroll of amnesia {unknown}
 p - 2 scrolls of identify
Potions
 b - 6 potions of flight
 d - a potion of berserk rage {unknown}
 f - a potion of ambrosia {unknown}
 i - a potion of cancellation {unknown}
 n - a potion of magic {unknown}
Comestibles
 c - 3 rations


   Skills:
 * Level 6.6 Short Blades
 - Level 2.4 Dodging
 - Level 3.3 Stealth
 - Level 3.0 Spellcasting
 - Level 5.0 Conjurations
 - Level 3.0 Hexes


You had 2 spell levels left.
You knew the following spells:

 Your Spells              Type           Power        Failure   Level  Hunger
a - Magic Dart            Conj           ###.         1%          1    None
b - Searing Ray           Conj           ###...       2%          2    ##.....
c - Dazzling Spray        Conj/Hex       ###...       8%          3    ###....
d - Force Lance           Conj/Tloc      ##......     43%         4    ####...

Your spell library contained the following spells:

 Spells                   Type           Power        Failure   Level  Hunger
 Iskenderun's Mystic Bla  Conj           ###.....     17%         4    ####...
 Fulminant Prism          Conj/Hex       ###.......   26%         4    ####...


Dungeon Overview and Level Annotations

Branches:
Dungeon (3/15)

Altars:
Cheibriados
Dithmenos
Nemelex Xobeh
Wu Jian
The Shining One


Message History

The gnoll shaman prays to its god.
The gnoll shaman is healed somewhat.
The gnoll shaman mumbles some strange prayers to its god against you.
You resist with almost no effort.
You see here a +0 spear.
The gnoll shaman invokes the aid of its god against you.
You are outlined in light.
The gnoll shouts! x2; You hear a shout!
The gnoll shaman calls upon its god to speed up the gnoll.
The gnoll seems to speed up.
You are no longer glowing.
The gnoll hits you.
* * * LOW HITPOINT WARNING * * *
The gnoll hits you.
* * * LOW HITPOINT WARNING * * *
The gnoll hits you but does no damage. The gnoll hits you.
* * * LOW HITPOINT WARNING * * *
The gnoll hits you!
You die...

#....≈≈≈.# '## #
#..g.≈≈≈.# #...
#....≈≈≈.# ####
#....≈≈###+#
#....≈≈#...#########
#..g.≈≈#.gg#........
#....≈≈#####≈≈≈≈≈≈≈≈
#..g.≈≈≈≈≈≈≈≈≈≈≈≈≈≈≈
#..@.≈≈≈≈≈≈≈≈≈÷≈≈≈≈≈
#..............P.÷..
#......P........÷...
####################


You could see a gnoll shaman and 2 gnolls.

Vanquished Creatures
  An ogre (D:3)
  A bullfrog (D:2)
  A scorpion (D:3)
  An orc wizard (D:3)
  Ijyb (D:3)
  2 gnoll shamans (D:3)
  15 gnolls (D:3)
  5 adders
  2 oozes
  A worm (D:2)
  4 leopard geckos (D:2)
  8 orcs
  8 giant cockroaches
  4 goblins
  3 hobgoblins (D:1)
  20 jackals (D:3)
  10 kobolds
  A quokka (D:3)
  5 bats
  5 frilled lizards
  9 rats
107 creatures vanquished.

Notes
Turn   | Place    | Note
-------+----------+-------------------------------------------
     0 | D:1      | Kobolds4U the Deep Elf Conjurer began the quest for the
                  | Orb.
     0 | D:1      | Reached XP level 1. HP: 10/10 MP: 6/6
   346 | D:1      | Found a sparkling altar of Nemelex Xobeh.
   382 | D:1      | Reached XP level 2. HP: 15/15 MP: 0/8
   562 | D:1      | Reached skill level 1 in Short Blades
   608 | D:1      | Learned a level 2 spell: Searing Ray
   968 | D:2      | Reached skill level 2 in Short Blades
   968 | D:2      | Reached XP level 3. HP: 19/19 MP: 9/9
  1233 | D:2      | Found a snail-covered altar of Cheibriados.
  1233 | D:2      | Found a glowing golden altar of the Shining One.
  1246 | D:2      | Learned a level 3 spell: Dazzling Spray
  1620 | D:3      | Noticed a scorpion
  1627 | D:3      | Killed a scorpion
  1627 | D:3      | Reached skill level 3 in Short Blades
  1627 | D:3      | Reached skill level 5 in Conjurations
  1627 | D:3      | Reached XP level 4. HP: 24/24 MP: 10/10
  1686 | D:3      | Found a shadowy altar of Dithmenos.
  1713 | D:3      | Reached XP level 5. HP: 20/28 MP: 7/11
  1794 | D:3      | Became a worshipper of Dithmenos the Shadowed
  1860 | D:3      | Reached skill level 4 in Short Blades
  2477 | D:3      | Noticed an ogre
  2527 | D:3      | Reached skill level 5 in Short Blades
  2527 | D:3      | Reached skill level 1 in Hexes
  2527 | D:3      | Reached XP level 6. HP: 32/32 MP: 12/12
  2529 | D:3      | Reached * piety under Dithmenos
  3047 | D:3      | Found an ornate altar of the Wu Jian Council.
  3073 | D:3      | Noticed Ijyb
  3128 | D:3      | Killed Ijyb
  3440 | D:3      | Reached skill level 6 in Short Blades
  3570 | D:3      | Reached XP level 7. HP: 36/36 MP: 13/13
  3621 | D:3      | Learned a level 4 spell: Force Lance
  3978 | D:3      | Slain by a gnoll

Levels and vault maps discovered:
D:1:      dpeg_arrival_solitude, layout_basic, serial_park_tiny_pond,
          nemelex_diamond_rough_becter
D:2:      layout_rooms, grunt_temple_overflow_open
D:3:      lemuel_castle_with_subvaults [lemuel_castle_interior_carwin_2],
          layout_basic, lemuel_crystal_altar, portal_sewer_entry_d,
          grunt_dithmenos_smoke_and_mirrors, uniq_ijyb

Skill      XL: |  1  2  3  4  5  6 |
---------------+-------------------+-----
Stealth        | 3 |  3.3
Short Blades   | 2 3 5 6 |  6.6
Conjurations   | 5 |  5.0
Hexes          | 1 3 |  3.0
Dodging        | |  2.4
Spellcasting   | |  3.0

Action                   |  1- 3 |  4- 6 |  7- 9 || total
-------------------------+-------+-------+-------++-------
Melee: Unarmed           |     8 |       |       ||     8
       Dagger            |     8 |     1 |       ||     9
       Falchion          |       |    44 |     3 ||    47
 Cast: Magic Dart        |    76 |   111 |    40 ||   227
       Searing Ray       |     3 |     8 |     4 ||    15
       Dazzling Spray    |     1 |     7 |     2 ||    10
  Use: Scroll            |       |     2 |       ||     2
 Stab: Sleeping          |     3 |     2 |       ||     5
  Eat: Chunk             |     2 |     6 |     2 ||    10
Armor: Robe              |     5 |    18 |     5 ||    28
Dodge: Dodged            |    23 |    49 |    29 ||   101
       Rpst.: Falchion   |       |    17 |     4 ||    21
